 Dungeon Crawl Stone Soup version 0.29-a0-490-g77b3608bb8 (webtiles) character file.

Game seed: 12472793341100208309

58 happo123 the Sneak (level 4, -1/25 HPs)
             Began as a Kobold Enchanter on May 26, 2022.
             Slain by a gnoll
             ... wielding a +2 spear of venom
              (10 damage)
             ... on level 2 of the Dungeon.
             The game lasted 00:07:13 (1572 turns).

happo123 the Sneak (Kobold Enchanter)               Turns: 1572, Time: 00:07:14

Health: -1/25      AC:  3    Str:  5    XL:     4   Next: 20%
Magic:  6/8        EV: 15    Int: 18    God:
Gold:   83         SH:  0    Dex: 15    Spells: 3/8 levels left

rFire   + . .      SeeInvis .   a - +1 dagger
rCold   x . .      Faith    .   (no shield)
rNeg    . . .      Spirit   .   b - +0 robe
rPois   +          Reflect  .   (no helmet)
rElec   .          Harm     .   g - +0 cloak
rCorr   .          Rampage  .   (no gloves)
Will    .....                   (no boots)
Stlth   ++++......              (no amulet)
HPRegen 0.08/turn               e - ring of fire
MPRegen 0.11/turn               p - ring of poison resistance

@: lethally poisoned (-1 -> -8)
A: small, no large weapons, nightstalker 3
a: no special abilities


You were on level 2 of the Dungeon.
You visited 1 branch of the dungeon, and saw 2 of its levels.

You collected 83 gold pieces.

Inventory:

Hand Weapons
 a - a +1 dagger (weapon)
Armour
 b - a +0 robe (worn)
 g - a +0 cloak (worn)
 s - a +0 leather armour
Magical Staves
 f - a staff of poison
Jewellery
 e - a ring of fire (left hand)
 p - a ring of poison resistance (right hand)
Scrolls
 d - a scroll of enchant weapon {unknown}
 h - 2 scrolls of identify {unknown}
 j - a scroll of amnesia {unknown}
 m - a scroll of fear {unknown}
 n - a scroll of blinking {unknown}
 o - a scroll of vulnerability {unknown}
Potions
 c - 3 potions of invisibility
 i - a potion of curing {unknown}
 k - a potion of berserk rage {unknown}
 l - 2 potions of degeneration {unknown}
 q - 2 potions of magic {unknown}
 r - a potion of resistance {unknown}


   Skills:
 + Level 1.0 Fighting
 + Level 2.3 Short Blades
 + Level 3.0 Dodging
 + Level 4.4 Stealth
 * Level 2.9 Spellcasting
 + Level 3.2 Hexes


You had 3 spell levels left.
You knew the following spells:

 Your Spells              Type           Power      Damage    Failure   Level
a - Ensorcelled Hibernat  Hex/Ice        16%        N/A       13%         2
b - Tukima's Dance        Hex            14%        N/A       13%         3

Your spell library contained the following spells:

 Spells                   Type           Power      Damage    Failure   Level
 Confusing Touch          Hex            14%        N/A       13%         3
 Passwall                 Tmut/Erth      1%         N/A       26%         2
 Dazzling Flash           Conj/Hex       16%        N/A       26%         3
 Swiftness                Air            2%         N/A       45%         3


Dungeon Overview and Level Annotations

Branches:
Dungeon (2/15)

Altars:


Innate Abilities, Weirdness & Mutations

You are small and have problems with some larger weapons.
You are completely attuned to the shadows.


Message History

h - 2 scrolls labelled ZUAMMA WODWUN (gained 1)
r - a bubbling coppery potion A kobold comes into view.
It is wielding a +0 dagger.
The helpless kobold fails to defend itself.
You impale the kobold!!
You kill the kobold!
Things that are here:
a +0 dagger; a kobold corpse A worm comes into view.
Aiming: Ensorcelled Hibernation (safe; 13% risk of failure)
Press: ? - help, Q - select action Shift-Dir - straight line, f - worm
Aim: a worm (chance to affect: 50%)
The worm resists with some effort.
Aiming: Ensorcelled Hibernation (safe; 13% risk of failure)
Press: ? - help, Q - select action Shift-Dir - straight line, f/p - worm
Aim: a worm (chance to affect: 50%)
The worm resists with some effort.
Aiming: Ensorcelled Hibernation (safe; 13% risk of failure)
Press: ? - help, Q - select action Shift-Dir - straight line, f/p - worm
Aim: a worm (chance to affect: 50%)
The worm looks drowsy...
The helpless worm fails to defend itself.
You impale the worm!!
You kill the worm!
Your Dodging skill increases to level 3!
Found a leather armour.
You see here a +0 leather armour.
s - a +0 leather armour A gnoll comes into view.
It is wielding a +2 spear of venom.
A gnoll comes into view.
It is wielding a +0 club. 2 gnolls come into view.
The gnoll shouts! x4
The gnoll hits you with a +2 spear of venom.
You are poisoned.
You hit the gnoll but do no damage.
You feel very sick.
The gnoll hits you with a +2 spear of venom.
You feel sick.
The gnoll hits you from afar with a +2 spear of venom!
You die...

#####..................#
......#########........#
....................†..#
.......................# #
.......................#.#.#
....[..................#.#.##
.............................
.................#####.......
............####@# #)......
......####### #.# ###.#.#
.##### #g# #.# .....


.gg #.# .#### ..g.. #.# .# ....... #.# .# #.# .# #.# .# #.# You could see 4
gnolls.

Vanquished Creatures
  An adder (D:2)
  A gnoll (D:1)
  A worm (D:2)
  A dart slug (D:2)
  4 bats
  3 endoplasms (D:1)
  2 giant cockroaches (D:1)
  2 goblins (D:1)
  4 hobgoblins
  5 kobolds
  2 quokkas (D:1)
  3 ball pythons (D:1)
  A frilled lizard (D:2)
  2 rats
32 creatures vanquished.

Notes
Turn   | Place    | Note
-------+----------+-------------------------------------------
     0 | D:1      | happo123 the Kobold Enchanter began the quest for the Orb.
     0 | D:1      | Reached XP level 1. HP: 10/10 MP: 3/3
    41 | D:1      | Reached XP level 2. HP: 15/15 MP: 5/5
    47 | D:1      | Found a faded altar of an unknown god.
    47 | D:1      | Noticed a floating eye
    47 | D:1      | Noticed a floating eye
    92 | D:1      | Noticed a golden eye
    93 | D:1      | Noticed a shining eye
   253 | D:1      | Learned a level 2 spell: Ensorcelled Hibernation
   258 | D:1      | Reached XP level 3. HP: 20/20 MP: 3/6
   950 | D:2      | Learned a level 3 spell: Tukima's Dance
  1146 | D:2      | Reached skill level 1 in Fighting
  1146 | D:2      | Reached XP level 4. HP: 25/25 MP: 8/8
  1572 | D:2      | Slain by a gnoll

Illustrated notes

Levels and vault maps discovered:
D:1:      giann_forest_graveyard, layout_loops_ring,
          hellmonk_ecumenical_altar_watching_god
D:2:      layout_basic

Skill      XL: |  1  2  3  4 |
---------------+-------------+-----
Short Blades   | 2 |  2.3
Fighting       | 1 |  1.0
Dodging        | 3 |  3.0
Stealth        | |  4.4
Spellcasting   | |  2.9
Hexes          | |  3.2

Action                   |  1- 3 |  4- 6 || total
-------------------------+-------+-------++-------
Melee: Dagger            |    55 |     6 ||    61
       Punch             |     2 |       ||     2
 Cast: Ensorcelled Hiber |     3 |     3 ||     6
 Stab: Sleeping          |    16 |     5 ||    21
       Distracted        |     1 |       ||     1
Armor: Robe              |     4 |       ||     4
Dodge: Dodged            |    19 |       ||    19

Table legend: (Time is in decaauts)
 A = Elapsed time spent in this place.
 B = Non-inter-level travel time spent in this place.
 C = Inter-level travel time spent in this place.
 D = Time resting spent in this place.
 E = Time spent auto-exploring this place.
 F = Levels seen in this place.
 G = Mean time per level.
                   A        B        C        D        E       F      G
               +--------+--------+--------+--------+--------+-----+--------+
         Total |   1564 |   1184 |    380 |      0 |    926 |   2 |  782.0 |
       Dungeon |   1564 |   1184 |    380 |      0 |    926 |   2 |  782.0 |
               +--------+--------+--------+--------+--------+-----+--------+

Top non-repeatable levels by time:
     D:1: 940 daAuts
     D:2: 624 daAuts
